 Dungeon Crawl Stone Soup version 0.19.0-19-g8c6edcc (webtiles) character file.

5656 Chiseanne the Shield-Bearer (level 10, 0/51 HPs)
             Began as a Vine Stalker Arcane Marksman on Nov 14, 2016.
             Was a Believer of Qazlal.
             Hit by a tomahawk thrown by an orc warrior (10 damage)
             ... on level 9 of the Dungeon.
             The game lasted 00:15:12 (5512 turns).

Chiseanne the Shield-Bearer (VSAM)                  Turns: 5512, Time: 00:15:12

Health: 0/51       AC:  8    Str: 17    XL:     10   Next: 74%
Magic:  0/15       EV: 11    Int: 13    God:    Qazlal [**....]
Gold:   312        SH: 14    Dex: 17    Spells: 0 memorised, 11 levels left

rFire  . . .     SeeInvis .     a - +3 hand axe (holy)
rCold  . . .     Gourm    .     g - +0 troll leather armour
rNeg   . . .     Faith    .     j - +0 shield
rPois  .         Spirit   +     r - +0 helmet
rElec  .         Reflect  .     (no cloak)
rCorr  .         Harm     .     x - +1 pair of gloves
MR     +....                    (no boots)
Stlth  +.........               (no amulet)
                                (no ring)
                                w - +3 ring of strength

@: no status effects
A: fangs 3, regeneration 1, magic shield, antimagic bite, no device heal 3, rot
immunity
a: Upheaval, Renounce Religion


You were on level 9 of the Dungeon.
You worshipped Qazlal.
Qazlal was pleased with you.
You were hungry.

You visited 1 branch of the dungeon, and saw 8 of its levels.

You collected 312 gold pieces.

Inventory:

Hand Weapons
 a - a +3 hand axe of holy wrath (weapon)
 c - a +1 rapier of holy wrath
Missiles
 d - 5 needles of confusion
 e - 123 stones
 i - a throwing net
 m - 149 arrows
 n - 3 poisoned needles
 u - 2 javelins (quivered)
 y - 20 bolts
 z - 10 sling bullets
Armour
 g - a +0 troll leather armour (worn)
 j - a +0 shield (worn)
 r - a +0 helmet (worn)
 x - a +1 pair of gloves (worn)
Jewellery
 w - a +3 ring of strength (left hand)
Scrolls
 o - a scroll of identify
 q - 4 scrolls of remove curse
Potions
 h - a potion of curing
 k - a potion of flight
Books
 b - a book of Debilitation

   Spells                             Type                      Level
   a - Corona                         Hexes                        1
   b - Slow                           Hexes                        2
   c - Gell's Gravitas                Hexes/Translocation          3
   d - Inner Flame                    Hexes/Fire                   3
   e - Cause Fear                     Hexes                        4
   f - Leda's Liquefaction            Hexes/Earth                  4
 t - a book of Misfortune

   Spells                             Type                      Level
   a - Confusing Touch                Hexes                        1
   b - Confuse                        Hexes                        3
   c - Gell's Gravitas                Hexes/Translocation          3
   d - Petrify                        Transmutation/Earth          4
   e - Metabolic Englaciation         Hexes/Ice                    5
   f - Yara's Violent Unravelling     Hexes/Transmutation          5
Comestibles
 f - 4 bread rations
 l - a fruit
 p - 2 royal jellies
 s - 6 chunks of flesh
 v - a meat ration


   Skills:
 - Level 5.0 Fighting
 * Level 7.0 Axes
 - Level 1.7 Throwing
 - Level 6.3 Armour
 * Level 2.1 Dodging
 * Level 7.1 Shields
 - Level 1.1 Spellcasting
   Level 3.0 Hexes
 * Level 5.5 Invocations


You had 11 spell levels left.
You didn't know any spells.

Dungeon Overview and Level Annotations

Branches:
Dungeon (9/15)             Temple (0/1) D:7            Lair (0/6) D:8
    Orc: D:9-12

Altars:
Ashenzari
Elyvilon
Fedhas
Hepliaklqana
Makhleb
Okawaru
Qazlal
Uskayaw
Vehumet
Yredelemnul
The Shining One


Innate Abilities, Weirdness & Mutations

You have razor-sharp teeth.
Your natural rate of healing is unusually fast.
When hurt, damage is shared between your health and your magic reserves.
Your bite disrupts and absorbs the magic of your enemies.
Potions and wands cannot restore your health.
You are immune to rotting.


Message History

You hear an angry growl.
You hit the orc warrior. Your bite misses the orc warrior.
The orc warrior is heavily wounded.
You hit the orc warrior.
The orc warrior is severely wounded.
The orc warrior hits you with a scimitar!
You hit the orc warrior.
The orc warrior is severely wounded.
The orc warrior closely misses you.
You hit the orc warrior but do no damage.
The orc warrior is severely wounded.
The orc warrior hits you with a scimitar!
You hit the orc warrior. Your bite misses the orc warrior.
The orc warrior is almost dead.
The orc warrior hits you with a scimitar!
* * * LOW HITPOINT WARNING * * *
You are too injured to fight recklessly!
You don't have enough magic at the moment.
The orc warrior throws a tomahawk.
The tomahawk hits you!
You die...

#. #.# #.........# ##. #.#
#.##.#####. .. #.###.##.#
## ###.### #........#
#.....# ########.# #.....#
#.# # #...o)# ##.## ##
##...)(#########...####.
......ยง(@..............'.
###...###########...####.
#..# #...## ## #.# #.### #
#. #.# # #.# #.# #.# #####
#.# #....


You could see an orc warrior.

Vanquished Creatures
  Pikel (D:8)
  Prince Ribbit (D:8)
  A hornet (D:9)
  2 trolls (D:9)
  9 yaks
  An ice beast (D:7)
  A sky beast (D:9)
  4 ogres
  A black bear (D:8)
  A hornet zombie (D:9)
  2 orc warriors
  3 centaurs
  7 bullfrogs
  A wyvern zombie (D:6)
  3 scorpions
  3 wights (D:8)
  3 howler monkeys (D:8)
  5 crimson imps
  2 bullfrog zombies
  A hound (D:6)
  2 bullfrog skeletons
  4 orc priests
  A jelly (D:7)
  2 iguanas
  7 orc wizards
  3 worker ants (D:6)
  2 hound zombies
  A howler monkey zombie (D:8)
  12 gnolls
  A worker ant zombie (D:7)
  9 adders
  A shadow imp (D:7)
  An ooze (D:1)
  An adder zombie (D:7)
  A worm (D:2)
  A dart slug (D:3)
  3 leopard geckos
  14 orcs
  7 bats
  4 giant cockroaches
  7 goblins
  3 hobgoblins (D:2)
  6 jackals
  4 quokkas
  5 ball pythons (D:2)
  3 frilled lizards
  5 kobolds
  A leopard gecko skeleton (D:9)
  6 rats
169 creatures vanquished.

Vanquished Creatures (others)
  A hound skeleton (D:8)
  An orc (D:8)
  A plant (D:2)
3 creatures vanquished.

Grand Total: 172 creatures vanquished

Notes
Turn   | Place    | Note
-------+----------+-------------------------------------------
     0 | D:1      | Chiseanne the Vine Stalker Arcane Marksman began the quest for the Orb.
     0 | D:1      | Reached XP level 1. HP: 9/9 MP: 3/3
    61 | D:1      | Reached skill level 1 in Fighting
   521 | D:1      | Reached XP level 2. HP: 14/14 MP: 4/4
   989 | D:2      | Reached XP level 3. HP: 18/18 MP: 5/5
  1097 | D:2      | Reached skill level 1 in Shields
  1149 | D:2      | Reached skill level 1 in Armour
  1154 | D:2      | Gained mutation: Your natural rate of healing is unusually fast. [Vine Stalker growth]
  1154 | D:2      | Reached XP level 4. HP: 15/23 MP: 6/6
  1672 | D:2      | Reached XP level 5. HP: 9/27 MP: 3/7
  1731 | D:2      | HP: 1/27 [poisoned by an adder]
  1947 | D:3      | Reached skill level 1 in Axes
  2046 | D:3      | You fall through a shaft for 3 floors!
  2062 | D:6      | Reached XP level 6. HP: 32/32 MP: 8/8
  2087 | D:6      | Found a glowing golden altar of the Shining One.
  2128 | D:6      | Got an ivory hunting sling
  2129 | D:6      | Identified the cursed +0 hunting sling of Inquiry {flame, Str+6 Int+3} (You found it on level 6 of the Dungeon)
  2149 | D:5      | Entered Level 5 of the Dungeon
  2190 | D:6      | Reached XP level 7. HP: 35/36 MP: 9/9
  2510 | D:6      | Gained mutation: You have razor-sharp teeth. [Vine Stalker growth]
  2510 | D:6      | Reached XP level 8. HP: 36/42 MP: 8/10
  2518 | D:6      | Found a stormy altar of Qazlal.
  2521 | D:6      | Noticed an air elemental
  2521 | D:6      | Noticed a water elemental
  2526 | D:6      | Became a worshipper of Qazlal Stormbringer
  2589 | D:6      | Found a burning altar of Makhleb.
  3338 | D:7      | Reached * piety under Qazlal
  3519 | D:7      | Reached skill level 5 in Fighting
  3584 | D:7      | Found a blossoming altar of Fedhas.
  3585 | D:7      | Found a hide-covered altar of Uskayaw.
  3585 | D:7      | Found an iron altar of Okawaru.
  3585 | D:7      | Found a shattered altar of Ashenzari.
  3601 | D:7      | Found a radiant altar of Vehumet.
  3601 | D:7      | Found a basalt altar of Yredelemnul.
  3880 | D:7      | Reached skill level 1 in Invocations
  3894 | D:7      | Found a staircase to the Ecumenical Temple.
  3951 | D:7      | Reached XP level 9. HP: 38/47 MP: 7/11
  4046 | D:8      | Reached skill level 5 in Shields
  4065 | D:8      | Reached skill level 5 in Axes
  4118 | D:8      | Reached skill level 5 in Armour
  4163 | D:8      | Got a faintly glowing rapier
  4164 | D:8      | Identified the cursed +0 rapier "Grim Tooth" {pierce, rC+ Int+3} (You found it on level 8 of the Dungeon)
  4296 | D:8      | Noticed Prince Ribbit
  4311 | D:8      | Killed Prince Ribbit
  4379 | D:8      | Reached XP level 10. HP: 45/51 MP: 10/14
  4408 | D:8      | Noticed Pikel
  4420 | D:8      | Reached ** piety under Qazlal
  4432 | D:8      | Killed Pikel
  4476 | D:8      | Found a hazy altar of Hepliaklqana.
  4527 | D:8      | Found a white marble altar of Elyvilon.
  4631 | D:8      | Found a staircase to the Lair.
  4686 | D:9      | Paralysed by a hornet for 3 turns
  4696 | D:9      | Paralysed by a hornet for 3 turns
  4940 | D:9      | Reached skill level 5 in Invocations
  5512 | D:9      | Hit by a tomahawk thrown by an orc warrior

Skill      XL: |  1  2  3  4  5  6  7  8  9 10 |
---------------+-------------------------------+-----
Fighting       | 1 2 3 4 5 |  5.0
Shields        | 1 2 3 4 6 7 |  7.1
Armour         | 1 2 3 4 5 6 |  6.3
Axes           | 1 2 3 4 6 7 |  7.0
Invocations    | 1 4 5 |  5.5
Dodging        | 2 |  2.1
Throwing       | |  1.7
Spellcasting   | |  1.1
Hexes          | |  3.0

Action                   |  1- 3 |  4- 6 |  7- 9 | 10-12 || total
-------------------------+-------+-------+-------+-------++-------
Melee: Hand axe          |    75 |   160 |   311 |   201 ||   747
       Bite              |    19 |    40 |   119 |    64 ||   242
       Unarmed           |     3 |       |       |       ||     3
Throw: Javelin           |       |       |    12 |     6 ||    18
       Throwing net      |       |       |     1 |     1 ||     2
       Stone             |       |       |       |     1 ||     1
  Use: Scroll            |     2 |     7 |     7 |     3 ||    19
       Potion            |       |     1 |     1 |     3 ||     5
 Stab: Held in net/web   |       |       |     1 |       ||     1
  Eat: Chunk             |     1 |     3 |     8 |     4 ||    16
Armor: Scale mail        |    43 |    80 |    90 |    41 ||   254
       Skin              |       |       |       |    13 ||    13
       Troll leather arm |       |       |       |     9 ||     9
Dodge: Dodged            |    19 |    66 |    65 |    66 ||   216
Block: Shield            |    40 |    97 |   143 |   136 ||   416
